[ AOE2 MATCH · #504542505 ]
UnrankedBengalis vs Italians
Player's team · WIN
Rival team · LOSS
[ REPLAY ANALYSIS · EXTRACTED FROM THE RECORDED GAME ]
Feudal
11:25
Castle
15:05
Imperial
—
| APM avg | 38.0 |
| APM peak | 95 |
| eAPM avg | 20.7 |
| Villagers / military | 40 / 65 |
Focus
⚔️ 32.9% · 🌾 67.1%
Monk ×42 · Spearman ×16 · Mangonel ×3 · Scorpion ×3 · Battle Elephant ×1
Feudal
11:06
Castle
26:43
Imperial
—
| APM avg | 88.0 |
| APM peak | 155 |
| eAPM avg | 35.8 |
| Villagers / military | 69 / 64 |
Focus
⚔️ 31.6% · 🌾 68.4%
Scout Cavalry ×53 · Militia ×5 · Archer ×4 · Mangonel ×2
Match map
Initial resources + every placement click. Lines = walls · curves = elevation contours. ◆ gold · ⬟ stone · ● berries · ✦ relic · ◌ wall gap
Your base· Open — unwalled flank
ADangBang's base· Open — unwalled flank
Smoothed initial terrain · ◌ = detected wall gap · hover for details
Inputs per minute
— gummi [Coleman] - - ADangBang
Build order — gummi [Coleman]
First 150 of 156 actions detected
| 0:00 | Queue | Villager (Male) |
| 0:00 | Queue | Villager (Male) |
| 0:01 | Queue | Villager (Male) |
| 0:03 | Build | House |
| 0:04 | Build | House |
| 0:33 | Queue | Villager (Male) |
| 1:27 | Queue | Villager (Male) |
| 2:04 | Queue | Villager (Male) |
| 2:07 | Queue | Villager (Male) |
| 2:21 | Build | Lumber Camp |
| 2:53 | Queue | Villager (Male) |
| 2:57 | Queue | Villager (Male) |
| 3:33 | Queue | Villager (Male) |
| 3:47 | Queue | Villager (Male) |
| 3:51 | Build | House |
| 3:52 | Build | House |
| 3:59 | Queue | Villager (Male) |
| 4:40 | Build | Palisade Wall |
| 4:42 | Build | Mill |
| 4:54 | Queue | Villager (Male) |
| 4:54 | Queue | Villager (Male) |
| 5:17 | Queue | Villager (Male) |
| 5:24 | Queue | Villager (Male) |
| 6:36 | Queue | Villager (Male) |
| 6:43 | Build | Palisade Wall |
| 6:50 | Research | Loom |
| 7:36 | Queue | Villager (Male) |
| 7:57 | Queue | Villager (Male) |
| 8:18 | Queue | Villager (Male) |
| 9:15 | Research | Feudal Age |
| 9:22 | Build | Palisade Wall |
| 9:40 | Build | Palisade Wall |
| 10:41 | Queue | Villager (Male) |
| 10:42 | Queue | Villager (Male) |
| 11:25 | Age | Feudal Age |
| 11:29 | Build | Market |
| 11:31 | Build | Blacksmith |
| 11:49 | Build | House |
| 12:25 | Research | Castle Age |
| 12:38 | Build | Watch Tower |
| 13:17 | Build | Mining Camp |
| 15:05 | Age | Castle Age |
| 15:10 | Build | Monastery |
| 15:13 | Build | Monastery |
| 15:14 | Queue | Villager (Male) |
| 15:42 | Queue | Monk |
| 15:44 | Build | House |
| 15:57 | Build | House |
| 16:08 | Queue | Monk |
| 16:08 | Queue | Monk |
| 16:21 | Build | Lumber Camp |
| 16:22 | Queue | Villager (Male) |
| 16:28 | Queue | Monk |
| 16:28 | Queue | Monk |
| 16:34 | Build | House |
| 16:38 | Queue | Villager (Male) |
| 17:00 | Queue | Monk |
| 17:19 | Queue | Monk |
| 17:19 | Queue | Monk |
| 17:20 | Queue | Monk |
| 17:27 | Build | Farm |
| 17:34 | Queue | Monk |
| 18:11 | Research | Sanctity |
| 18:38 | Research | Redemption |
| 18:39 | Research | Redemption |
| 18:53 | Queue | Villager (Male) |
| 19:03 | Queue | Monk |
| 19:10 | Build | Siege Workshop |
| 19:29 | Build | House |
| 19:30 | Build | House |
| 19:55 | Queue | Monk |
| 19:56 | Queue | Monk |
| 19:56 | Queue | Monk |
| 20:05 | Queue | Monk |
| 20:05 | Queue | Monk |
| 20:15 | Queue | Monk |
| 20:15 | Queue | Monk |
| 20:26 | Build | House |
| 20:28 | Queue | Monk |
| 20:28 | Queue | Monk |
| 20:32 | Build | Farm |
| 20:53 | Queue | Monk |
| 21:10 | Build | Barracks |
| 21:13 | Queue | Monk |
| 21:13 | Queue | Monk |
| 21:37 | Queue | Villager (Male) |
| 21:39 | Build | Farm |
| 22:13 | Queue | Monk |
| 22:14 | Queue | Monk |
| 22:14 | Queue | Monk |
| 22:19 | Queue | Spearman |
| 22:19 | Queue | Spearman |
| 22:46 | Queue | Monk |
| 23:18 | Queue | Monk |
| 23:19 | Queue | Spearman |
| 23:22 | Queue | Spearman |
| 23:22 | Queue | Spearman |
| 23:22 | Queue | Villager (Male) |
| 23:42 | Queue | Scorpion |
| 24:12 | Queue | Villager (Male) |
| 24:14 | Queue | Monk |
| 24:18 | Queue | Monk |
| 24:20 | Queue | Spearman |
| 24:54 | Queue | Scorpion |
| 24:54 | Queue | Scorpion |
| 24:58 | Queue | Spearman |
| 26:07 | Build | House |
| 26:41 | Research | Fervor |
| 27:22 | Research | Pikeman (upgrade) |
| 27:31 | Queue | Spearman |
| 27:32 | Queue | Spearman |
| 28:10 | Queue | Battle Elephant |
| 28:18 | Queue | Monk |
| 28:19 | Queue | Monk |
| 28:19 | Queue | Monk |
| 28:19 | Queue | Monk |
| 28:20 | Queue | Spearman |
| 29:03 | Queue | Spearman |
| 29:03 | Queue | Spearman |
| 29:04 | Queue | Monk |
| 30:05 | Queue | Monk |
| 30:05 | Queue | Monk |
| 30:37 | Queue | Monk |
| 32:06 | Queue | Monk |
| 32:06 | Queue | Villager (Male) |
| 32:34 | Queue | Mangonel |
| 32:58 | Queue | Villager (Male) |
| 33:04 | Queue | Mangonel |
| 33:04 | Queue | Mangonel |
| 33:10 | Queue | Monk |
| 33:19 | Queue | Spearman |
| 33:19 | Queue | Spearman |
| 33:19 | Queue | Spearman |
| 33:20 | Queue | Villager (Male) |
| 33:32 | Build | Town Center |
| 33:33 | Queue | Villager (Male) |
| 33:53 | Build | House |
| 33:53 | Build | House |
| 34:12 | Queue | Monk |
| 34:12 | Queue | Monk |
| 35:25 | Queue | Villager (Male) |
| 35:28 | Build | Farm |
| 35:29 | Build | Farm |
| 35:32 | Build | Farm |
| 35:33 | Build | Farm |
| 35:34 | Queue | Villager (Male) |
| 35:52 | Build | Mining Camp |
| 35:53 | Queue | Villager (Male) |
| 36:38 | Queue | Villager (Male) |
| 37:35 | Build | Farm |
Build order — ADangBang
First 150 of 238 actions detected
| 0:00 | Queue | Villager (Male) |
| 0:00 | Queue | Villager (Male) |
| 0:00 | Queue | Villager (Male) |
| 0:02 | Build | House |
| 0:03 | Build | House |
| 0:09 | Queue | Villager (Male) |
| 1:23 | Queue | Villager (Male) |
| 1:53 | Build | Lumber Camp |
| 1:56 | Queue | Villager (Male) |
| 2:22 | Queue | Villager (Male) |
| 2:45 | Queue | Villager (Male) |
| 3:07 | Queue | Villager (Male) |
| 3:32 | Queue | Villager (Male) |
| 3:48 | Queue | Villager (Male) |
| 3:51 | Build | House |
| 4:15 | Build | Palisade Wall |
| 4:26 | Queue | Villager (Male) |
| 4:50 | Build | Barracks |
| 4:59 | Queue | Villager (Male) |
| 5:06 | Build | House |
| 5:14 | Queue | Villager (Male) |
| 5:16 | Queue | Villager (Male) |
| 5:48 | Queue | Villager (Male) |
| 5:59 | Queue | Militia |
| 6:10 | Queue | Villager (Male) |
| 6:21 | Build | House |
| 6:26 | Queue | Militia |
| 6:27 | Queue | Militia |
| 7:09 | Queue | Villager (Male) |
| 7:09 | Queue | Villager (Male) |
| 7:09 | Queue | Villager (Male) |
| 7:11 | Build | Mill |
| 7:34 | Queue | Villager (Male) |
| 7:36 | Queue | Militia |
| 7:58 | Queue | Villager (Male) |
| 8:14 | Research | Loom |
| 8:33 | Build | Mining Camp |
| 8:56 | Research | Feudal Age |
| 9:27 | Build | Mining Camp |
| 9:54 | Build | Farm |
| 9:57 | Build | Farm |
| 10:21 | Queue | Villager (Male) |
| 10:23 | Queue | Militia |
| 10:35 | Build | House |
| 10:51 | Build | Farm |
| 11:06 | Age | Feudal Age |
| 11:08 | Build | Archery Range |
| 11:10 | Research | Man-at-Arms (upgrade) |
| 11:18 | Queue | Villager (Male) |
| 11:29 | Build | Watch Tower |
| 11:41 | Queue | Villager (Male) |
| 11:46 | Build | House |
| 11:57 | Queue | Villager (Male) |
| 12:02 | Queue | Villager (Male) |
| 12:06 | Queue | Archer |
| 12:06 | Queue | Archer |
| 12:07 | Queue | Archer |
| 12:14 | Queue | Villager (Male) |
| 12:36 | Queue | Villager (Male) |
| 12:48 | Queue | Villager (Male) |
| 12:58 | Queue | Archer |
| 13:22 | Queue | Villager (Male) |
| 13:28 | Build | Blacksmith |
| 13:29 | Queue | Villager (Male) |
| 13:40 | Queue | Villager (Male) |
| 13:48 | Queue | Villager (Male) |
| 13:51 | Build | Farm |
| 14:01 | Build | House |
| 14:30 | Build | Palisade Wall |
| 14:33 | Build | Palisade Gate |
| 14:43 | Queue | Villager (Male) |
| 14:44 | Queue | Villager (Male) |
| 14:47 | Build | Farm |
| 14:49 | Build | Farm |
| 15:04 | Queue | Villager (Male) |
| 15:06 | Build | Farm |
| 15:08 | Build | Farm |
| 15:37 | Queue | Villager (Male) |
| 16:00 | Queue | Villager (Male) |
| 16:17 | Build | Stable |
| 16:25 | Queue | Villager (Male) |
| 16:35 | Build | House |
| 16:37 | Research | Forging |
| 16:41 | Build | House |
| 16:49 | Build | House |
| 16:58 | Queue | Scout Cavalry |
| 16:58 | Queue | Scout Cavalry |
| 17:07 | Build | Stable |
| 17:10 | Queue | Villager (Male) |
| 17:26 | Build | Lumber Camp |
| 17:31 | Research | Double-Bit Axe |
| 17:32 | Queue | Villager (Male) |
| 17:35 | Queue | Villager (Male) |
| 17:47 | Queue | Scout Cavalry |
| 17:48 | Queue | Scout Cavalry |
| 17:54 | Queue | Villager (Male) |
| 17:56 | Build | House |
| 18:12 | Build | Stable |
| 18:14 | Build | Farm |
| 18:22 | Queue | Villager (Male) |
| 18:23 | Queue | Scout Cavalry |
| 18:26 | Queue | Scout Cavalry |
| 18:30 | Build | Farm |
| 18:39 | Build | House |
| 18:43 | Build | Farm |
| 18:46 | Build | Farm |
| 18:46 | Queue | Scout Cavalry |
| 18:48 | Build | Farm |
| 18:50 | Build | Farm |
| 19:04 | Build | Farm |
| 19:06 | Build | Farm |
| 19:24 | Queue | Scout Cavalry |
| 19:24 | Queue | Scout Cavalry |
| 19:26 | Build | Farm |
| 19:46 | Queue | Villager (Male) |
| 19:46 | Queue | Villager (Male) |
| 19:48 | Queue | Villager (Male) |
| 20:00 | Build | Farm |
| 20:05 | Build | House |
| 20:06 | Queue | Villager (Male) |
| 20:09 | Queue | Scout Cavalry |
| 20:10 | Queue | Scout Cavalry |
| 20:16 | Queue | Villager (Male) |
| 20:19 | Build | Farm |
| 20:20 | Build | Farm |
| 20:22 | Build | Farm |
| 20:26 | Build | Farm |
| 20:37 | Build | House |
| 20:37 | Queue | Villager (Male) |
| 20:40 | Build | Farm |
| 20:42 | Build | Farm |
| 20:45 | Queue | Scout Cavalry |
| 21:02 | Queue | Scout Cavalry |
| 21:07 | Build | House |
| 21:09 | Queue | Villager (Male) |
| 21:13 | Build | Farm |
| 21:15 | Build | Farm |
| 21:17 | Build | Lumber Camp |
| 21:28 | Queue | Villager (Male) |
| 21:35 | Build | Farm |
| 21:35 | Build | Farm |
| 21:39 | Build | Farm |
| 21:40 | Queue | Scout Cavalry |
| 21:40 | Queue | Scout Cavalry |
| 22:25 | Queue | Villager (Male) |
| 22:25 | Queue | Villager (Male) |
| 22:38 | Queue | Villager (Male) |
| 22:38 | Queue | Villager (Male) |
| 22:48 | Build | House |
| 22:52 | Build | Market |
Match timeline
| 4:15 | ADangBang · wall_segment Palisade Wall x1 |
| 4:40 | gummi [Coleman] · wall_segment Palisade Wall x9 |
| 4:50 | ADangBang · first_building Barracks |
| 6:43 | gummi [Coleman] · wall_segment Palisade Wall x6 |
| 9:22 | gummi [Coleman] · wall_segment Palisade Wall x5 |
| 9:40 | gummi [Coleman] · wall_segment Palisade Wall x1 |
| 11:06 | ADangBang · age_up feudal |
| 11:08 | ADangBang · first_building Archery Range |
| 11:25 | gummi [Coleman] · age_up feudal |
| 12:20 | gummi [Coleman] · first_market_sell 100 wood |
| 14:30 | ADangBang · wall_segment Palisade Wall x1 |
| 15:05 | gummi [Coleman] · age_up castle |
| 15:10 | gummi [Coleman] · first_building Monastery |
| 16:17 | ADangBang · first_building Stable |
| 16:20 | gummi [Coleman] · first_market_buy 100 wood |
| 19:10 | gummi [Coleman] · first_building Siege Workshop |
| 21:10 | gummi [Coleman] · first_building Barracks |
| 26:43 | ADangBang · age_up castle |
| 26:46 | ADangBang · first_building Castle |
| 28:11 | ADangBang · first_building Siege Workshop |
| 34:10 | ADangBang · first_market_buy 500 food |
| 40:56 | ADangBang · resign |
[ AI ANALYSIS · 1 CREDIT ]
What really happened in this match?
Wolo.gg analyzes every decision: build order, eco, micro, common mistakes by bracket. Personalized analysis on WhatsApp or Discord in 30 seconds.
Civ guide
Bengalis
Perfil
Jugador #260749